 Dungeon Sprint DCSS version 0.29-a0-468-ge57f7f99b4 (webtiles) character file.

Game seed: 12598211340580607678

51 mhtbhm the Skirmisher (level 3, -1/36 HPs)
             Began as a Hill Orc Fighter on May 21, 2022.
             Drowned by a water elemental (7 damage)
             ... in the Dungeon (Sprint III: "The Ten Rune Challenge").
             The game lasted 00:00:29 (311 turns).

mhtbhm the Skirmisher (Hill Orc Fighter)             Turns: 311, Time: 00:00:30

Health: -1/36      AC:  9    Str: 20    XL:     3   Next: 83%
Magic:  2/3        EV:  9    Int:  8    God:
Gold:   26         SH:  5    Dex: 10    Spells: 2/2 levels left

rFire   . . .      SeeInvis .   a - +0 war axe
rCold   . . .      Faith    .   c - +0 buckler
rNeg    . . .      Spirit   .   b - +0 scale mail
rPois   .          Reflect  .   (helmet restricted)
rElec   .          Harm     .   (no cloak)
rCorr   .          Rampage  .   (no gloves)
Will    .....      NoTele   +   (no boots)
Stlth   ..........              (no amulet)
HPRegen 0.12/turn               (no ring)
MPRegen 0.08/turn               (no ring)

@: engulfed (cannot breathe)
A: horns 1, iridescent scales 1
a: no special abilities


You were in the Dungeon.
You visited 1 branch You collected 26 gold pieces.

Inventory:

Hand Weapons
 a - a +0 war axe (weapon)
Armour
 b - a +0 scale mail (worn)
 c - a +0 buckler (worn)
Scrolls
 j - a scroll of blinking
 l - 2 scrolls of poison {unknown}
 m - a scroll of enchant armour {unknown}
 o - a scroll of identify {unknown}
Potions
 d - a potion of might
 e - a potion of curing
 f - a potion of heal wounds
 g - a potion of haste
 h - 2 potions of magic
 i - a potion of berserk rage
 k - 2 potions of mutation
 n - 3 potions of flight


   Skills:
 + Level 5.6 Fighting
 + Level 4.5 Axes
 + Level 5.4 Armour
 + Level 0.4 Dodging
 + Level 5.1 Shields


You had 2 spell levels left.
You didn't know any spells.
Your spell library was empty.

Dungeon Overview and Level Annotations

Branches:
Dungeon (1/1)

Altars:


Innate Abilities, Weirdness & Mutations

You have a pair of small horns on your head.
You are partially covered in iridescent scales. (AC +2)


Message History

Really quaff the potion of mutation?
You feel extremely strange.
You feel more energetic.
You can once more read scrolls while threatened.
A pair of horns grows on your head!
Iridescent scales grow over part of your body.
You open the door.
A water elemental comes into view.
The water elemental hits you.
The water elemental engulfs you in water!
There is an open door to the Ecumenical Temple here.
You hit the water elemental.
The water elemental is lightly damaged.
Your lungs strain for air!
The water elemental hits you.
Unknown command.
You slip free of the water engulfing you.
You gasp with relief as air once again reaches your lungs.
You hit the water elemental. You headbutt the water elemental.
The water elemental is moderately damaged.
The water elemental barely misses you. You block the water elemental's attack.
You hit the water elemental.
Your headbutt misses the water elemental.
The water elemental is heavily damaged.
You block the water elemental's attack.
You hit the water elemental.
The water elemental is heavily damaged.
The water elemental hits you.
The water elemental engulfs you in water!
You slip free of the water engulfing you.
You gasp with relief as air once again reaches your lungs.
You barely miss the water elemental.
The water elemental is heavily damaged.
The water elemental barely misses you. The water elemental hits you!
* * * LOW HITPOINT WARNING * * *
The water elemental engulfs you in water!
You hit the water elemental.
You headbutt the water elemental, but do no damage.
The water elemental is heavily damaged.
You die...

▓▓▓▓▓▓▓▓▓ ▓▓▓ ▓<..#)..####
##.# ▓...#......#####..#
▓..##....)..#..#..#
▓##.##.##...#..#..###+#+##
##.##.###..##'#..#.......
▓#.####.##..###.@E'.⌠.....
▓.###..##.÷####...#...####
▓#.....##..###....#.⌠.#
###..##...##.....#...#
##..##....#......#+###
#..###..##.#.....# #(.#
#.. ####....# ▓▓▓▓ ▓▓▓
▓▓▓▓▓▓


You could see a water elemental.

Vanquished Creatures
  Jessica (D)
  A human (D)
  A phantom (D)
  An endoplasm (D)
  2 rats (D)
6 creatures vanquished.

Notes
Turn   | Place    | Note
-------+----------+-------------------------------------------
     0 | D        | mhtbhm the Hill Orc Fighter began the quest for the Orb.
     0 | D        | Reached XP level 1. HP: 19/19 MP: 1/1
    22 | D        | Noticed Jessica
    27 | D        | Killed Jessica
    28 | D        | Reached skill level 5 in Fighting
    28 | D        | Reached XP level 2. HP: 18/29 MP: 2/2
    28 | D        | Reached XP level 3. HP: 23/36 MP: 3/3
   159 | D        | Reached skill level 5 in Armour
   159 | D        | Reached skill level 5 in Shields
   300 | D        | Gained mutation: Your magical capacity is low. (-10% MP)
                  | [potion of mutation]
   300 | D        | Gained mutation: You sometimes lose the ability to read
                  | scrolls when taking damage. [potion of mutation]
   301 | D        | Lost mutation: Your magical capacity is low. (-10% MP)
                  | [potion of mutation]
   301 | D        | Lost mutation: You sometimes lose the ability to read
                  | scrolls when taking damage. [potion of mutation]
   301 | D        | Gained mutation: You have a pair of small horns on your
                  | head. [potion of mutation]
   301 | D        | Gained mutation: You are partially covered in iridescent
                  | scales. (AC +2) [potion of mutation]
   302 | D        | Noticed a water elemental
   311 | D        | Drowned by a water elemental

Illustrated notes

Levels and vault maps discovered:
D:        dungeon_sprint_mu [sprint_mu_entry_cave, sprint_mu_temple_rooms,
          sprint_mu_d1_spiders, sprint_mu_d2_genie, sprint_mu_d3_branching,
          sprint_mu_orc_legion, sprint_mu_elf_gauntlet, sprint_mu_hive_nellie,
          sprint_mu_lair_fedhas, sprint_mu_vaults_butterflies,
          sprint_mu_slime_circle, sprint_mu_swamp_cave, sprint_mu_snake_twists,
          sprint_mu_blade_basic, sprint_mu_crypt_lich, sprint_mu_tomb_spiral,
          sprint_mu_vestibule_basic, sprint_mu_gehenna_hellfire,
          sprint_mu_dis_giant, sprint_mu_tartarus_statrot,
          sprint_mu_cocytus_islands, sprint_mu_zot1]

Skill      XL: |  1  2  3 |
---------------+----------+-----
Fighting       | 5 |  5.6
Axes           | 4 |  4.5
Armour         | 4 5 |  5.4
Shields        | 4 5 |  5.1
Dodging        | |  0.4

Action                   || total
-------------------------++-------
Melee: War axe           ||    35
       Headbutt          ||     2
  Use: Potion            ||     2
Armor: Scale mail        ||     7
Dodge: Dodged            ||    15
Block: Buckler           ||    10

Table legend: (Time is in decaauts)
 A = Elapsed time spent in this place.
 B = Non-inter-level travel time spent in this place.
 C = Inter-level travel time spent in this place.
 D = Time resting spent in this place.
 E = Time spent auto-exploring this place.
 F = Levels seen in this place.
 G = Mean time per level.
                   A        B        C        D        E       F      G
               +--------+--------+--------+--------+--------+-----+--------+
         Total |    328 |    328 |      0 |    207 |     19 |   1 |  328.0 |
       Dungeon |    328 |    328 |      0 |    207 |     19 |   1 |  328.0 |
               +--------+--------+--------+--------+--------+-----+--------+

Top non-repeatable levels by time:
       D: 328 daAuts
